[Event "December 5 Early 2023"]
[Site "https://www.chess.com"]
[Date "2023.12.05"]
[Round "5"]
[White "Kokoszczynski, Jan"]
[Black "Lehtosaari, Mauri"]
[Result "1-0"]
[Board "102"]
[TimeControl "180+1"]
[WhiteFideId "1174460"]
[BlackFideId "501999"]
[WhiteElo "2653"]
[BlackElo "2483"]
[WhiteTeam "POL"]
[BlackTeam "FIN"]
[WhiteClock "0:00:03"]
[BlackClock "0:00:04"]

1. e4 c5 2. Nf3 e6 3. c3 Nf6 4. d3 Nc6 5. g3 d5 6. e5 Nd7 7. Qe2 Qc7 8. Bf4 Be7 9. h4 b5 10. Bg2 a5 11. O-O b4 12. c4 Nb6 13. Nbd2 Ba6 14. b3 a4 15. h5 h6 16. Rac1 dxc4 17. dxc4 Rd8 18. Ne4 Bb7 19. Qe3 Nd4 20. Nxd4 cxd4 21. Qd3 O-O 22. Rfe1 axb3 23. axb3 Nd7 24. c5 Bxe4 25. Qxe4 Nxc5 26. Qe2 Qb8 27. Rc4 Nxb3 28. Be4 Nc5 29. Qg4 Kh8 30. Rxc5 Bxc5 31. Bxh6 gxh6 32. Qf4 Kg7 33. Qf6+ Kg8 34. Qxh6 f5 35. Qxe6+ Kh8 36. Qh6+ Kg8 37. Qg6+ Kh8 38. Bxf5 Qc7 39. Qh6+ Kg8 40. Be6+ Rf7 41. Re4 Bf8 42. Rg4+ Bg7 43. Qxg7# 1-0

[Event "December 5 Early 2023"]
[Site "https://www.chess.com"]
[Date "2023.12.05"]
[Round "5"]
[White "Spata, German"]
[Black "Pourkashiyan, Atousa"]
[Result "1-0"]
[Board "103"]
[TimeControl "180+1"]
[WhiteFideId "113026"]
[BlackFideId "12502014"]
[WhiteElo "2645"]
[BlackElo "2481"]
[WhiteTeam "ARG"]
[BlackTeam "USA"]
[WhiteClock "0:00:14"]
[BlackClock "0:00:25"]

1. Nf3 d5 2. b3 Nf6 3. Bb2 e6 4. e3 Be7 5. c4 O-O 6. Be2 b6 7. O-O Bb7 8. Nc3 c5 9. cxd5 Nxd5 10. d4 Nxc3 11. Bxc3 Nc6 12. Rc1 Rc8 13. Qd2 cxd4 14. Nxd4 Ba3 15. Rcd1 Nxd4 16. Bxd4 Qg5 17. f3 Rfd8 18. Bd3 e5 19. f4 Qxg2+ 20. Qxg2 Bxg2 21. Kxg2 exd4 22. exd4 g6 23. Bc4 Bb2 24. f5 g5 25. f6 Rxd4 26. Rxd4 Bxd4 27. Rf5 h6 28. Rd5 Bxf6 29. Rd7 a5 30. Bxf7+ Kf8 31. Bc4 Bc3 32. Rf7+ Ke8 33. Rh7 Rc5 34. a4 Re5 35. Rxh6 Bd2 36. Rxb6 Bb4 37. Rg6 Ke7 38. Kf3 Rc5 39. Kg4 Bd2 40. Re6+ Kd7 41. Re4 Kc7 42. h3 Bc1 43. Re7+ Kd6 44. Re6+ Kd7 45. Re4 Kc7 46. Rd4 Be3 47. Rd3 Bc1 48. Rf3 Bd2 49. Rf6 Bb4 50. Rf7+ Kd6 51. Ra7 Re5 52. Ra6+ Ke7 53. Rg6 Bd2 54. Rg7+ Kf6 55. Rb7 Re4+ 56. Kf3 Rf4+ 57. Ke2 Bb4 58. Rb5 Rh4 59. Bd3 Rxh3 60. Rf5+ Ke6 61. Rf3 Rxf3 62. Kxf3 Kf6 63. Kg4 Bc3 64. Bc4 Bd2 65. Bb5 Ke5 66. Bc4 Kd4 67. Bb5 Kc5 68. Be8 Kb4 69. Bd7 Bc1 70. Bb5 Bd2 71. Be8 Bc1 72. Bb5 Bd2 73. Be8 Kxb3 74. Bb5 Kb4 75. Be8 Kc5 76. Bb5 Kd6 77. Be8 Bb4 78. Bb5 Ke7 79. Bc6 Kd6 80. Bb5 Kc7 81. Be8 Bc3 82. Bb5 Kd8 83. Bc6 Ke7 84. Kxg5 Bd2+ 85. Kf5 Kd6 86. Bb5 Bc3 87. Ke4 Kc5 88. Kd3 Kb4 89. Kc2 Bb2 90. Kxb2 Kc5 91. Kb3 Kb6 92. Kc4 Kc7 93. Kc5 Kb7 94. Bc4 Ka7 95. Kb5 Kb8 96. Kxa5 Ka7 97. Bb5 Kb7 98. Bf1 1-0

[Event "December 5 Early 2023"]
[Site "https://www.chess.com"]
[Date "2023.12.05"]
[Round "5"]
[White "Gubajdullin, Alexei"]
[Black "Tabuenca Mendataurigoitia, Daniel"]
[Result "0-1"]
[Board "104"]
[TimeControl "180+1"]
[WhiteFideId "4141202"]
[BlackFideId "24563617"]
[WhiteElo "2639"]
[BlackElo "2473"]
[WhiteTeam "RUS"]
[BlackTeam "ESP"]
[WhiteClock "0:00:35"]
[BlackClock "0:00:25"]

1. d4 d6 2. Nf3 Nf6 3. Bf4 g6 4. e3 Bg7 5. Be2 O-O 6. O-O c5 7. h3 Nc6 8. dxc5 dxc5 9. Qxd8 Rxd8 10. c3 Ne4 11. Na3 e5 12. Bh2 f6 13. Rfd1 Be6 14. Bc4 Bxc4 15. Nxc4 b5 16. Na3 a6 17. Kf1 Bf8 18. Nc2 c4 19. Ke2 Kf7 20. Rxd8 Rxd8 21. Bg1 Nc5 22. Rd1 Na4 23. Rb1 b4 24. cxb4 Nxb4 25. Nxb4 Bxb4 26. Rc1 Nxb2 27. Rc2 c3 28. Bh2 Nc4 29. g4 g5 30. h4 h6 31. hxg5 hxg5 32. Ne1 Na3 33. Rc1 Rd2+ 34. Kf1 c2 35. Kg2 Bc3 36. Nxc2 Rxc2 37. Rd1 Rxa2 38. Rd7+ Ke6 39. Ra7 Nc4 40. Kf3 Be1 41. Bg1 Nd6 42. Ra8 a5 43. Ra6 a4 44. Kg2 a3 45. Kf3 Bb4 46. Bh2 Rb2 47. Bg3 a2 48. Kg2 Rc2 49. Kh3 Bc3 50. f4 a1=Q 51. f5+ Kd5 0-1

[Event "December 5 Early 2023"]
[Site "https://www.chess.com"]
[Date "2023.12.05"]
[Round "5"]
[White "Lopusiewicz, Piotr"]
[Black "Gontcharov, Vladislav"]
[Result "0-1"]
[Board "105"]
[TimeControl "180+1"]
[WhiteFideId "1116029"]
[BlackFideId "4123492"]
[WhiteElo "2465"]
[BlackElo "2639"]
[WhiteTeam "POL"]
[BlackTeam "RUS"]
[WhiteClock "0:00:00"]
[BlackClock "0:00:14"]

1. d4 Nf6 2. c4 e6 3. Nf3 b6 4. g3 Bb7 5. Bg2 Be7 6. O-O O-O 7. Re1 c5 8. d5 exd5 9. Nh4 Qc8 10. Nf5 Re8 11. Nxe7+ Rxe7 12. cxd5 d6 13. Nc3 a6 14. a4 h6 15. Bf4 Ne8 16. e4 Nd7 17. Bh3 Qd8 18. Bxh6 gxh6 19. Qh5 Ne5 20. f4 Ng7 21. Qd1 Nd7 22. Qd2 Qf8 23. b3 Rae8 24. Nd1 f5 25. e5 dxe5 26. d6 Re6 27. fxe5 Rxe5 28. Rxe5 Rxe5 29. Ne3 Re4 30. Rf1 Rd4 31. Qc3 Qxd6 32. Bxf5 Qc6 33. Bxd7 Qh1+ 34. Kf2 Qxh2+ 35. Ke1 Qxg3+ 36. Ke2 Rxd7 37. Qf6 Qh2+ 38. Rf2 Qh5+ 39. Ke1 Be4 40. Qf4 Qe8 41. Qxh6 Bh7 42. Rh2 Qe4 0-1

[Event "December 5 Early 2023"]
[Site "https://www.chess.com"]
[Date "2023.12.05"]
[Round "5"]
[White "Ozen, Metehan"]
[Black "Kuderinov, Kirill"]
[Result "0-1"]
[Board "106"]
[TimeControl "180+1"]
[WhiteFideId "34596054"]
[BlackFideId "13701568"]
[WhiteElo "2461"]
[BlackElo "2636"]
[WhiteTeam "TUR"]
[BlackTeam "KAZ"]
[WhiteClock "0:00:00"]
[BlackClock "0:00:05"]

1. c4 e5 2. Nc3 Nf6 3. Nf3 Nc6 4. e3 Be7 5. a3 O-O 6. b4 d6 7. Bb2 Bg4 8. Be2 Re8 9. d3 a5 10. b5 Nb8 11. h3 Bh5 12. O-O Nbd7 13. Nh4 Bxe2 14. Qxe2 Ne4 15. Nf5 Nxc3 16. Bxc3 Bf6 17. e4 Nc5 18. Rad1 Ne6 19. g3 g6 20. Ne3 Bg7 21. Kg2 Nd4 22. Qb2 Qd7 23. f4 c6 24. f5 d5 25. cxd5 Nxb5 26. f6 Bf8 27. Bxe5 Rac8 28. a4 Nc7 29. Nc4 Na8 30. dxc6 Rxc6 31. Bf4 Bb4 32. Ne5 Rxe5 33. Qxe5 Nc7 34. d4 Ne8 35. d5 Rc4 36. Rf2 h5 37. Qg5 Bf8 38. e5 Qxa4 39. e6 Qxd1 40. e7 Bxe7 41. fxe7 Qe1 42. d6 Qe4+ 43. Kh2 Rd4 44. Qe5 Qd3 45. Bh6 Rxd6 46. Bf8 Re6 47. Qxa5 Qe3 48. Rg2 Qe4 49. Qg5 Nf6 50. Qh6 Ne8 51. Qd2 b5 52. Qd8 Qc6 53. Bh6 Re1 54. Bf4 b4 55. Qb8 Re4 56. Rd2 Rxe7 57. Qxb4 Qe4 58. Qxe4 Rxe4 59. h4 Re6 60. Rd8 Kg7 61. Kg2 Nf6 62. Kf3 Ng4 63. Ra8 Rc6 64. Bd2 Rc2 65. Ke2 Rc4 66. Kd3 Rc6 67. Bc3+ f6 68. Ra7+ Kf8 69. Bb4+ Kg8 70. Bc3 Re6 71. Bd4 Rd6 72. Ke4 f5+ 73. Kd3 Kf8 74. Ra5 Kf7 75. Kc4 Ke6 76. Ra7 Ne5+ 77. Kb5 Rxd4 78. Ra6+ Rd6 79. Ra8 Rd5+ 80. Kb4 Rd4+ 81. Kc3 Rg4 0-1

[Event "December 5 Early 2023"]
[Site "https://www.chess.com"]
[Date "2023.12.05"]
[Round "5"]
[White "Kotlyar, Kirill"]
[Black "Yurasova, Daria"]
[Result "0-1"]
[Board "107"]
[TimeControl "180+1"]
[WhiteFideId "24145599"]
[BlackFideId "34146919"]
[WhiteElo "2629"]
[BlackElo "2453"]
[WhiteTeam "RUS"]
[BlackTeam "RUS"]
[WhiteClock "0:00:00"]
[BlackClock "0:01:05"]

1. e4 e5 2. Nf3 Nc6 3. Bb5 a6 4. Ba4 Nf6 5. O-O b5 6. Bb3 Bc5 7. d3 d6 8. c3 Bb7 9. Bg5 h6 10. Bh4 Bb6 11. Re1 O-O 12. d4 Re8 13. h3 exd4 14. cxd4 g5 15. Bg3 Rxe4 16. Nc3 Rxe1+ 17. Qxe1 Nxd4 18. Nxd4 Bxd4 19. Qd2 Bxc3 20. Qxc3 Ne4 21. Qd3 Nxg3 22. Qg6+ Kh8 23. Qxh6+ Kg8 24. Qg6+ Kh8 25. Bxf7 Ne2+ 26. Kf1 Qf8 27. Kxe2 Qg7 28. Qh5+ Qh7 29. f3 Rf8 30. Qxh7+ Kxh7 31. Bh5 c5 32. Kd3 d5 33. Re1 Kh6 34. Bg4 Rf7 35. Re6+ Kg7 36. Bh5 Rd7 0-1

[Event "December 5 Early 2023"]
[Site "https://www.chess.com"]
[Date "2023.12.05"]
[Round "5"]
[White "Muetsch, Annmarie"]
[Black "Renjith, Sravan"]
[Result "0-1"]
[Board "108"]
[TimeControl "180+1"]
[WhiteFideId "12971367"]
[BlackFideId "4306783"]
[WhiteElo "2447"]
[BlackElo "2628"]
[WhiteTeam "GER"]
[BlackTeam "NZL"]
[WhiteClock "0:00:00"]
[BlackClock "0:00:16"]

1. e4 e5 2. Nf3 Nc6 3. Bc4 Nf6 4. d3 Bc5 5. c3 O-O 6. Nbd2 d5 7. exd5 Nxd5 8. Ne4 Be7 9. O-O Bf5 10. Bb3 Bg6 11. Qe2 Kh8 12. h3 Qd7 13. Ng3 Nb6 14. Rd1 Bd6 15. d4 exd4 16. Nxd4 Rae8 17. Qf1 Nxd4 18. Rxd4 Qc6 19. Bf4 Bc5 20. Rad1 Bxd4 21. Rxd4 Rd8 22. Qd1 Rxd4 23. Qxd4 Qd7 24. Qc5 Re8 25. Qxc7 Qxc7 26. Bxc7 Nd7 27. Bf4 Nc5 28. Bc4 Re1+ 29. Kh2 Nd3 30. Bxd3 Bxd3 31. Be3 a6 32. Bd4 Rb1 33. b4 b5 34. Nh5 f6 35. Nf4 Bc4 36. h4 Ra1 37. h5 h6 38. Ng6+ Kg8 39. Ne7+ Kf7 40. Nf5 Rxa2 41. Nd6+ Ke6 42. Ne8 Kf7 43. Nd6+ Kg8 44. g4 Bf7 45. Nf5 Be6 46. Ne7+ Kf7 47. Nc6 Bxg4 48. Kg3 Bxh5 49. Nd8+ Kg6 50. Ne6 Kh7 51. Nf4 Bf7 0-1

[Event "December 5 Early 2023"]
[Site "https://www.chess.com"]
[Date "2023.12.05"]
[Round "5"]
[White "Agibileg, Uurtsaikh"]
[Black "Liu, Casper"]
[Result "0-1"]
[Board "109"]
[TimeControl "180+1"]
[WhiteFideId "4901606"]
[BlackFideId "1454153"]
[WhiteElo "2624"]
[BlackElo "2442"]
[WhiteTeam "MGL"]
[BlackTeam "DEN"]
[WhiteClock "0:00:10"]
[BlackClock "0:00:23"]

1. d4 Nf6 2. c4 g6 3. Nc3 d5 4. cxd5 Nxd5 5. e4 Nxc3 6. bxc3 Bg7 7. Bc4 c5 8. Ne2 Nc6 9. Be3 O-O 10. O-O Bg4 11. f3 cxd4 12. cxd4 Na5 13. Bd3 Be6 14. d5 Bxa1 15. Qxa1 f6 16. h4 Rc8 17. h5 Bf7 18. hxg6 hxg6 19. Rd1 Nc4 20. Bh6 Qb6+ 21. Kh1 Rfd8 22. Rb1 Qf2 23. Bf4 Kg7 24. Bh2 Rh8 25. Ng1 Nd2 26. Rb2 Rxh2+ 27. Kxh2 Nxf3+ 28. Kh1 Rh8+ 29. Nh3 Qg3 0-1

[Event "December 5 Early 2023"]
[Site "https://www.chess.com"]
[Date "2023.12.05"]
[Round "5"]
[White "Gimenez Aguirre, Alejo Ismael"]
[Black "Matrix3x3a"]
[Result "1-0"]
[Board "110"]
[TimeControl "180+1"]
[WhiteFideId "32041667"]
[WhiteElo "2622"]
[BlackElo "2442"]
[WhiteTeam "ARG"]
[WhiteClock "0:00:35"]
[BlackClock "0:00:40"]

1. e4 c5 2. Nf3 d6 3. d4 cxd4 4. Nxd4 Nf6 5. Nc3 a6 6. Be3 e5 7. Nb3 Be7 8. f3 Be6 9. Qd2 h5 10. O-O-O Nbd7 11. Kb1 b5 12. Nd5 Nxd5 13. exd5 Bf5 14. Rg1 Rc8 15. Bd3 Bxd3 16. Qxd3 Bg5 17. g3 Bxe3 18. Qxe3 O-O 19. g4 h4 20. g5 g6 21. Nd2 Nb6 22. Ne4 Nc4 23. Qf2 Kg7 24. Rg4 Rh8 25. Rxh4 Qc7 26. Rxh8 Rxh8 27. h4 a5 28. Nf6 a4 29. h5 gxh5 30. Rh1 a3 31. Nxh5+ Kg6 32. f4 Qc8 33. f5+ Kxg5 34. Qg3+ Kxf5 35. Rf1+ Ke4 36. Qd3# 1-0

[Event "December 5 Early 2023"]
[Site "https://www.chess.com"]
[Date "2023.12.05"]
[Round "5"]
[White "Filipovic, Slobodan J"]
[Black "Goldin, Alexander"]
[Result "1-0"]
[Board "111"]
[TimeControl "180+1"]
[WhiteFideId "939633"]
[BlackFideId "2019540"]
[WhiteElo "2441"]
[BlackElo "2603"]
[WhiteTeam "SRB"]
[BlackTeam "USA"]
[WhiteClock "0:00:07"]
[BlackClock "0:00:06"]

1. c4 e6 2. Nf3 d5 3. b3 Nf6 4. Bb2 b6 5. g3 Bb7 6. Bg2 Be7 7. O-O O-O 8. d4 Nbd7 9. Nc3 a6 10. cxd5 exd5 11. Rc1 Bd6 12. Nh4 Re8 13. Nf5 Bf8 14. Qc2 g6 15. Ne3 c6 16. Rcd1 Qe7 17. h3 h5 18. Rfe1 h4 19. g4 Qd6 20. Nf1 Rad8 21. f3 c5 22. e3 b5 23. Qf2 b4 24. dxc5 Nxc5 25. Ne2 Bg7 26. Qxh4 a5 27. Nf4 Qe7 28. Bd4 Ba6 29. g5 Nh7 30. Bxg7 Kxg7 31. Qh6+ Kg8 32. Nxd5 Rxd5 33. Rxd5 Bb7 34. Rd4 Nxg5 35. Rh4 Qf6 36. f4 Nf3+ 37. Bxf3 Bxf3 38. Qh7+ Kf8 39. Qh8+ Ke7 40. Qxf6+ Kxf6 41. Nd2 Bd5 42. e4 Nxe4 43. Nxe4+ Bxe4 44. f5 gxf5 45. Rf4 Ke5 46. Rf2 Rd8 47. Kh2 Rd3 48. Ree2 f4 49. h4 f3 50. Rd2 Rc3 51. Kg3 Rc8 52. Rh2 Rg8+ 53. Kf2 Kf4 54. h5 Rc8 55. h6 Bh7 56. Rd4+ Ke5 57. Rd2 Rc3 58. Kg3 Ke4 59. Rdf2 Rc6 60. Rh4+ Ke3 61. Rxf3+ Ke2 62. Rh2+ Ke1 63. Rh1+ Ke2 64. Rh2+ Ke1 65. Rxf7 Rg6+ 66. Kf4 Bg8 67. Rg7 Rf6+ 68. Kg5 Rf8 69. h7 Bxh7 70. Rhxh7 Rf2 71. Re7+ Kd2 72. Rc7 Rg2+ 73. Kf4 Re2 74. Rhe7 Ke1 75. Rxe2+ Kxe2 76. Rc5 Kd3 77. Rc4 1-0

[Event "December 5 Early 2023"]
[Site "https://www.chess.com"]
[Date "2023.12.05"]
[Round "5"]
[White "Bychkov, Vladimir"]
[Black "Janaszak, Dawid"]
[Result "1-0"]
[Board "112"]
[TimeControl "180+1"]
[WhiteFideId "24151513"]
[BlackFideId "1119206"]
[WhiteElo "2438"]
[BlackElo "2603"]
[WhiteTeam "RUS"]
[BlackTeam "POL"]
[WhiteClock "0:00:04"]
[BlackClock "0:00:04"]

1. e4 c5 2. Nf3 b6 3. a4 Bb7 4. Nc3 a6 5. d4 cxd4 6. Nxd4 e6 7. Be2 Qc7 8. O-O Nf6 9. Bf3 Nc6 10. Nxc6 Bxc6 11. a5 b5 12. Nd5 Qb8 13. Nb6 Ra7 14. Re1 Bd6 15. e5 Bxe5 16. Bxc6 dxc6 17. g3 O-O 18. Bg5 Bxb2 19. Rb1 Bc3 20. Bxf6 Bxf6 21. Nd7 Rxd7 22. Qxd7 Rc8 23. Red1 h6 24. Rb3 c5 25. Rbd3 c4 26. Rd6 b4 27. Rb6 Qa8 28. Rb7 Rf8 29. Qc7 Bd8 30. Qc6 Bxa5 31. Rdd7 b3 32. Qxc4 bxc2 33. Qxc2 Bd8 34. Qa4 a5 35. Qf4 Bf6 36. Qa4 Qa6 37. Ra7 Qe2 38. Qxa5 h5 39. Ra8 g6 40. Rxf8+ Kxf8 41. Qc5+ Kg7 42. Qc1 Qf3 43. Rc7 h4 44. Qc6 Qd1+ 45. Kg2 h3+ 46. Kxh3 Qf1+ 47. Qg2 Qd3 48. Rc5 Qd1 49. g4 Qd4 50. Rc8 Bg5 51. Qf3 Bf6 52. Kg2 Qe5 53. Ra8 Qg5 54. Ra7 Qe5 55. h3 Qg5 56. Qg3 e5 57. Qf3 Qd2 58. h4 g5 59. hxg5 Qxg5 60. Ra6 Qh4 61. Qf5 Qg5 62. Qf3 Qh4 63. Ra7 Qg5 64. Qg3 Qg6 65. Qb3 e4 66. Qg3 Bd4 67. Qf4 Bxa7 68. g5 e3 69. fxe3 Qc2+ 70. Kf3 Qa2 71. Qf6+ Kg8 72. g6 Qd5+ 73. e4 Qd3+ 74. Kg2 Qe2+ 75. Kh3 Qd3+ 76. Kg4 Qxe4+ 77. Kh5 Qh1+ 78. Kg4 Bb6 79. Qxf7+ Kh8 80. g7+ Kh7 81. g8=Q+ Kh6 82. Qgg6# 1-0

[Event "December 5 Early 2023"]
[Site "https://www.chess.com"]
[Date "2023.12.05"]
[Round "5"]
[White "Jaiveer Mahendru"]
[Black "Burmakin, Evgeniy"]
[Result "1-0"]
[Board "113"]
[TimeControl "180+1"]
[WhiteFideId "25611151"]
[BlackFideId "4163729"]
[WhiteElo "2600"]
[BlackElo "2437"]
[WhiteTeam "IND"]
[BlackTeam "RUS"]
[WhiteClock "0:00:30"]
[BlackClock "0:00:00"]

1. f4 d5 2. Nf3 Nf6 3. g3 c5 4. Bg2 Nc6 5. O-O Bf5 6. d3 e6 7. Qe1 d4 8. e4 dxe3 9. Bxe3 Bd6 10. Nc3 h5 11. Nh4 O-O 12. Ne4 Qe7 13. Qe2 Ng4 14. h3 Nxe3 15. Qxe3 Nd4 16. Rf2 Bh7 17. Re1 Rac8 18. Ng5 Nf5 19. Qf3 Nxh4 20. Qxh5 Bg6 21. Qxh4 Qc7 22. Be4 f5 23. Bg2 Rfe8 24. Nxe6 Qb6 25. Bd5 Bf7 26. Qg5 Bf8 27. Qxf5 g6 28. Qf6 c4 29. Kg2 cxd3 30. cxd3 Rcd8 31. Qxf7+ Kxf7 32. Nxd8+ Kg7 33. Rxe8 Bc5 34. Ne6+ Kf6 35. Nxc5 Qxc5 36. Bb3 Qc6+ 37. Re4 Qc5 38. g4 1-0

[Event "December 5 Early 2023"]
[Site "https://www.chess.com"]
[Date "2023.12.05"]
[Round "5"]
[White "Kim, Sergey"]
[Black "Goldin, Roman"]
[Result "0-1"]
[Board "114"]
[TimeControl "180+1"]
[WhiteFideId "13700570"]
[BlackFideId "2803860"]
[WhiteElo "2600"]
[BlackElo "2425"]
[WhiteTeam "KAZ"]
[BlackTeam "ISR"]
[WhiteClock "0:00:00"]
[BlackClock "0:00:04"]

1. d4 Nf6 2. c4 Nc6 3. Nc3 e5 4. d5 Ne7 5. e4 Ng6 6. Be3 Bb4 7. f3 Qe7 8. Ne2 Bc5 9. Qd2 d6 10. g3 O-O 11. Bg2 a6 12. O-O Bd7 13. a3 b5 14. cxb5 axb5 15. b4 Bxe3+ 16. Qxe3 c5 17. dxc6 Bxc6 18. Rfc1 d5 19. exd5 Nxd5 20. Nxd5 Bxd5 21. Nc3 Bc4 22. Ne4 Rfd8 23. Nc5 f6 24. a4 Nf8 25. f4 Bd5 26. Bxd5+ Rxd5 27. axb5 Rxa1 28. Rxa1 Rd4 29. Qb3+ Kh8 30. Re1 Qd6 31. fxe5 fxe5 32. Qf7 h6 33. b6 Rxb4 34. Ne4 Qxb6+ 35. Kg2 Qd8 36. Qf5 Rb2+ 37. Kh3 Rb5 38. Rf1 Nh7 39. Qg6 Rb6 40. Qf7 Nf6 41. Nc3 Rd6 42. Qb7 Qd7+ 43. Qxd7 Rxd7 44. Re1 Re7 45. g4 Kg8 46. Kg3 Kf7 47. h4 Ke6 48. g5 hxg5 49. hxg5 Nh5+ 50. Kg4 g6 51. Ne4 Ra7 52. Nf6 Ra4+ 53. Kf3 Ra3+ 54. Kg4 Ra4+ 55. Kf3 Kf5 56. Ne4 Ra3+ 57. Kf2 Ra2+ 58. Kf3 Nf4 59. Ng3+ Ke6 60. Ne4 Ra3+ 61. Kf2 Kf5 62. Ng3+ Kg4 63. Ne4 Ra2+ 64. Ke3 Ra3+ 65. Kd2 Rd3+ 66. Kc2 Rd4 67. Nf6+ Kf5 68. Ne4 Rxe4 69. Rd1 Rd4 70. Rg1 Rc4+ 71. Kd2 Ra4 72. Ke3 Ra3+ 73. Kd2 Ra2+ 74. Ke3 Re2+ 75. Kf3 Ra2 76. Ke3 Ra3+ 77. Kf2 e4 78. Ke1 e3 0-1

[Event "December 5 Early 2023"]
[Site "https://www.chess.com"]
[Date "2023.12.05"]
[Round "5"]
[White "Sahil, Tickoo"]
[Black "Ianovsky, Matias Manuel"]
[Result "0-1"]
[Board "115"]
[TimeControl "180+1"]
[WhiteFideId "5019710"]
[BlackFideId "112470"]
[WhiteElo "2426"]
[BlackElo "2599"]
[WhiteTeam "IND"]
[BlackTeam "ARG"]
[WhiteClock "0:00:44"]
[BlackClock "0:00:58"]

1. d4 Nf6 2. c4 g6 3. Nc3 d5 4. cxd5 Nxd5 5. e4 Nxc3 6. bxc3 Bg7 7. Be3 c5 8. Rc1 Nc6 9. d5 Ne5 10. Be2 O-O 11. f4 Nd7 12. Nf3 Nf6 13. Qc2 b6 14. h3 e6 15. dxe6 fxe6 16. Rd1 Qe7 17. Ne5 Bb7 18. Bf3 Rad8 19. O-O Ne8 20. Rxd8 Qxd8 21. Rd1 Qh4 22. Rd7 Qe1+ 23. Kh2 Qxe3 0-1

[Event "December 5 Early 2023"]
[Site "https://www.chess.com"]
[Date "2023.12.05"]
[Round "5"]
[White "Balla, Tamas-Kristof"]
[Black "Maltsevskaya, Aleksandra"]
[Result "0-1"]
[Board "116"]
[TimeControl "180+1"]
[WhiteFideId "1208497"]
[BlackFideId "24174041"]
[WhiteElo "2422"]
[BlackElo "2598"]
[WhiteTeam "ROU"]
[BlackTeam "POL"]
[WhiteClock "0:00:00"]
[BlackClock "0:00:29"]

1. e4 c5 2. c3 d5 3. exd5 g6 4. d4 cxd4 5. cxd4 Bg7 6. Nf3 Nf6 7. Nc3 O-O 8. Bc4 a6 9. O-O Nbd7 10. Bb3 b5 11. Re1 Nb6 12. Qe2 Re8 13. Bg5 Bb7 14. Ne5 Nbxd5 15. Nxf7 Kxf7 16. Qe6+ Kf8 17. Bxf6 exf6 18. Qxe8+ Qxe8 19. Rxe8+ Rxe8 20. Nxd5 f5 21. Nc7 Re7 22. Ne6+ Ke8 23. Nxg7+ Rxg7 24. Rc1 Rd7 25. h3 Rxd4 26. Bg8 Rd7 27. Bb3 Rd2 28. Rc7 Be4 29. Rxh7 Rxb2 30. Bf7+ Kf8 31. Bb3 a5 32. Rf7+ Ke8 33. Rg7 a4 34. Be6 Rb1+ 35. Kh2 Rb2 36. Rxg6 Rxf2 37. h4 f4 38. h5 Bxg6 39. hxg6 Kf8 40. Kh3 b4 41. Bd5 Kg7 0-1

[Event "December 5 Early 2023"]
[Site "https://www.chess.com"]
[Date "2023.12.05"]
[Round "5"]
[White "Toman, Ondrej"]
[Black "Federzoni, Enzo"]
[Result "1-0"]
[Board "117"]
[TimeControl "180+1"]
[WhiteFideId "344516"]
[BlackFideId "2173301"]
[WhiteElo "2596"]
[BlackElo "2420"]
[WhiteTeam "CZE"]
[BlackTeam "BRA"]
[WhiteClock "0:00:18"]
[BlackClock "0:00:19"]

1. d4 Nf6 2. Bg5 Ne4 3. h4 d5 4. Nd2 h6 5. Bf4 Nxd2 6. Qxd2 e6 7. e3 c6 8. Bd3 Nd7 9. g4 Qb6 10. O-O-O c5 11. c3 Nf6 12. f3 Bd7 13. Ne2 O-O-O 14. g5 hxg5 15. hxg5 Rxh1 16. Rxh1 Ne8 17. Rh8 Bd6 18. Bxd6 Nxd6 19. Rxd8+ Kxd8 20. Nf4 g6 21. Qh2 Bb5 22. Qh8+ Kd7 23. Qg7 cxd4 24. exd4 Kc6 25. Qf8 Qa6 26. Bb1 Bc4 27. b3 Bb5 28. a4 Bxa4 29. bxa4 Qf1+ 30. Kc2 Qf2+ 31. Kb3 Qxf3 32. Nxe6 Qe2 33. Nc5 Qc4+ 34. Kb2 b6 35. Bd3 bxc5 36. Bxc4 Nxc4+ 37. Kc2 1-0

[Event "December 5 Early 2023"]
[Site "https://www.chess.com"]
[Date "2023.12.05"]
[Round "5"]
[White "Skatchkov, Valery"]
[Black "Bochnicka, Vladimir"]
[Result "1-0"]
[Board "118"]
[TimeControl "180+1"]
[WhiteFideId "24195812"]
[BlackFideId "14943450"]
[WhiteElo "2596"]
[BlackElo "2417"]
[WhiteTeam "RUS"]
[BlackTeam "SVK"]
[WhiteClock "0:01:17"]
[BlackClock "0:00:02"]

1. d4 Nf6 2. c4 g6 3. Nc3 Bg7 4. e4 d6 5. h3 O-O 6. Bg5 c5 7. d5 Nbd7 8. Nf3 a6 9. a4 Qa5 10. Bd3 e6 11. O-O exd5 12. exd5 Qb4 13. Qc2 Nb6 14. a5 Nxc4 15. Ra4 Qxb2 16. Rxc4 Qxc2 17. Bxc2 Re8 18. Rb1 Nd7 19. Ne4 Ne5 20. Nxe5 Rxe5 21. Rd1 Bf8 22. Bf4 Re8 23. Nf6+ 1-0

[Event "December 5 Early 2023"]
[Site "https://www.chess.com"]
[Date "2023.12.05"]
[Round "5"]
[White "Stoleriu, George"]
[Black "Kiremitciyan, Ari"]
[Result "0-1"]
[Board "119"]
[TimeControl "180+1"]
[WhiteFideId "1227505"]
[BlackFideId "6373445"]
[WhiteElo "2596"]
[BlackElo "2403"]
[WhiteTeam "ROU"]
[BlackTeam "TUR"]
[WhiteClock "0:00:49"]
[BlackClock "0:01:41"]

1. e4 c6 2. b3 d5 3. Bb2 dxe4 4. Nc3 Nf6 5. f3 exf3 6. Nxf3 g6 7. Ne4 Bg7 8. Nxf6+ Bxf6 9. Bxf6 exf6 10. Be2 O-O 11. O-O c5 12. Kh1 Nc6 13. d3 Kg7 14. Qd2 b6 15. Qc3 Bb7 16. Rae1 Re8 17. Bd1 Qd6 18. Ng5 Qd4 19. Qxd4 Nxd4 20. Nh3 Rxe1 21. Rxe1 Kf8 22. Kg1 Re8 23. Rxe8+ Kxe8 24. c3 Nb5 25. c4 Nc3 26. Bf3 Bxf3 27. gxf3 Nxa2 28. Nf4 Nc1 29. Nd5 f5 30. b4 Nxd3 31. b5 Nb2 32. Kf2 Nxc4 33. Kg3 Nd6 34. Nc3 g5 35. h4 f6 36. h5 h6 37. Nd5 Kf7 38. Nc7 c4 39. Kf2 c3 40. Ke3 g4 41. fxg4 fxg4 42. Nd5 Nxb5 43. Kd3 g3 44. Nf4 f5 45. Kc2 Kf6 0-1

[Event "December 5 Early 2023"]
[Site "https://www.chess.com"]
[Date "2023.12.05"]
[Round "5"]
[White "Shubenkova, Veronika"]
[Black "Hoffmann, Asa"]
[Result "0-1"]
[Board "120"]
[TimeControl "180+1"]
[WhiteFideId "44124040"]
[BlackFideId "2001470"]
[WhiteElo "2591"]
[BlackElo "2396"]
[WhiteTeam "RUS"]
[BlackTeam "USA"]
[WhiteClock "0:00:13"]
[BlackClock "0:00:30"]

1. g4 d6 2. h3 g6 3. Bg2 c6 4. e3 Bg7 5. Ne2 e5 6. d4 Qc7 7. c4 Ne7 8. Nbc3 Nd7 9. Bd2 a6 10. Qc2 f5 11. g5 Rb8 12. d5 c5 13. e4 b5 14. exf5 Nxf5 15. cxb5 axb5 16. Ne4 Bb7 17. N4g3 Nd4 18. Nxd4 exd4 19. O-O O-O 20. h4 Ne5 21. Qe4 Qf7 22. f4 Nc4 23. Bc1 Rbe8 24. Qf3 Ne3 25. Bxe3 Rxe3 26. Qg4 Bxd5 27. f5 Bxg2 28. Kxg2 Be5 29. Rf3 gxf5 30. Nxf5 Rxf3 31. Nh6+ Kg7 32. Nxf7 Rg3+ 33. Qxg3 Bxg3 34. Kxg3 Rxf7 35. Re1 d3 36. Re6 d5 37. Re3 c4 38. Re5 Rd7 39. Kf3 d4 40. Rc5 c3 41. Kf2 b4 42. b3 Re7 43. Rd5 c2 0-1

[Event "December 5 Early 2023"]
[Site "https://www.chess.com"]
[Date "2023.12.05"]
[Round "5"]
[White "Truskavetsky, Alexandr"]
[Black "Tymrakiewicz, Rafal"]
[Result "1/2-1/2"]
[Board "121"]
[TimeControl "180+1"]
[WhiteFideId "14108577"]
[BlackFideId "1108832"]
[WhiteElo "2590"]
[BlackElo "2391"]
[WhiteTeam "RUS"]
[BlackTeam "POL"]
[WhiteClock "0:00:35"]
[BlackClock "0:00:09"]

1. d3 Nf6 2. e4 e5 3. Nc3 Bb4 4. a3 Ba5 5. Nf3 O-O 6. Nxe5 Re8 7. Nf3 d5 8. b4 dxe4 9. dxe4 Bb6 10. Qxd8 Rxd8 11. h3 Re8 12. Bd3 Bf5 13. Nd2 Bd4 14. Bb2 Nxe4 15. Bxe4 Bxe4 16. Ncxe4 Bxb2 17. Ra2 Bc3 18. O-O Bxd2 19. Nxd2 Nc6 20. Nf3 Rad8 21. c4 Nd4 22. Nxd4 Rxd4 23. c5 f5 24. Rb1 f4 25. Rc2 Kf7 26. a4 g5 27. a5 Red8 28. Rbb2 Rd1+ 29. Kh2 R8d3 30. c6 b6 31. axb6 axb6 32. Ra2 Rb3 33. Rd2 Re1 34. Rd7+ Kf6 35. g3 f3 36. g4 Re7 37. Rd4 Re2 38. Rxe2 fxe2 39. Re4 Rxb4 40. Rxe2 Rc4 41. Rd2 Rxc6 42. Rd7 h6 43. Rh7 Kg6 44. Rh8 Rc3 45. Rg8+ Kf7 46. Rh8 Kg7 47. Rb8 Kf6 48. Rh8 Kg7 49. Rb8 Rc4 50. Kg3 Rc3+ 51. Kg2 Kg6 52. Rg8+ Kh7 53. Rb8 Kg7 54. Kh2 1/2-1/2